 Dungeon Crawl Stone Soup version 0.25-a0-420-g1cc7eeb (webtiles) character file.

Game seed: 11949098922701925428, levelgen mode: deterministic

162 BlueFish the Insei (level 5, -3/34 HPs)
             Began as an Octopode Transmuter on Jan 18, 2020.
             Slain by a wyvern skeleton (15 damage)
             ... on level 3 of the Dungeon.
             The game lasted 00:03:45 (1923 turns).

BlueFish the Insei (Octopode Transmuter)            Turns: 1923, Time: 00:03:46

Health: -3/34      AC:  2    Str: 11    XL:     5   Next: 43%
Magic:  4/9        EV: 20    Int: 15    God:
Gold:   84         SH:  0    Dex: 17    Spells: 3/9 levels left

rFire    . . .     SeeInvis .     - Unarmed
rCold    . . .     Gourm    .   (shield currently unavailable)
rNeg     . . .     Faith    .   (helmet currently unavailable)
rPois    x         Spirit   .   d - amulet of the acrobat
rElec    .         Reflect  .   (no ring)
rCorr    .         Harm     .   (no ring)
MR       .....                  (no ring)
Stlth    ++........             (no ring)
HPRegen  0.11/turn              (no ring)
MPRegen  0.11/turn              (no ring)
                                (no ring)
                                (no ring)

@: spider-form, very slightly contaminated
A: tiny, almost no armour, stealthy swim, (amphibious), 8 rings, (constrict 8)
a: End Transformation


You were on level 3 of the Dungeon.
You were not hungry.
You were a venomous arachnid creature.
You visited 1 branch of the dungeon, and saw 3 of its levels.

You collected 84 gold pieces.

Inventory:

Hand Weapons
 f - a +0 vorpal hand axe
 k - a cursed -3 flail
Missiles
 a - 12 arrows
Jewellery
 b - an uncursed ring of positive energy {unknown}
 d - an amulet of the acrobat (around neck)
Scrolls
 g - a scroll of remove curse
 m - a scroll of identify
 n - a scroll of fear
Potions
 e - a potion of ambrosia
 h - a potion of haste {unknown}
 j - a potion of curing {unknown}
 l - a potion of lignification {unknown}
 o - a potion of mutation {unknown}
Comestibles
 c - 5 rations
 i - 5 chunks of flesh


   Skills:
 * Level 2.1 Fighting
 + Level 2.5 Dodging
 + Level 1.1 Stealth
 + Level 3.9 Unarmed Combat
 + Level 2.7 Spellcasting
 + Level 2.6 Transmutations
 * Level 1.7 Poison Magic


You had 3 spell levels left.
You knew the following spells:

 Your Spells              Type           Power        Failure   Level  Hunger
a - Beastly Appendage     Tmut           ##....       19%         1    #......
b - Sticks to Snakes      Tmut           ##......     26%         2    ##.....
c - Spider Form           Tmut/Pois      #.........   47%         3    ###....

Your spell library contained the following spells:

 Spells                   Type           Power        Failure   Level  Hunger
 Ice Form                 Ice/Tmut       #.......     89%         4    #####..
 Blade Hands              Tmut           ##........   96%         5    ######.


Dungeon Overview and Level Annotations

Branches:
Dungeon (3/15)

Altars:
Wu Jian


Innate Abilities, Weirdness & Mutations

You cannot wear most types of armour.
You are very stealthy in the water. (Stealth+)
((You are amphibious.))
You can wear up to eight rings at the same time.
((You can use your tentacles to constrict eight enemies at once.))
((Your skin changes colour to match your surroundings (Stealth+).))
((Your rubbery body absorbs attacks. (AC +1, EV +1)))


Message History

The wyvern skeleton misses you. x2
You hit the wyvern skeleton.
The wyvern skeleton is lightly damaged.
The wyvern skeleton barely misses you.
You hit the wyvern skeleton.
The wyvern skeleton is moderately damaged.
The wyvern skeleton bites you but does no damage.
You hit the wyvern skeleton.
The wyvern skeleton is moderately damaged.
The wyvern skeleton bites you!
You bite the wyvern skeleton!
The wyvern skeleton is heavily damaged.
The wyvern skeleton barely misses you.
You hit the wyvern skeleton.
The wyvern skeleton is heavily damaged.
The wyvern skeleton bites you.
You hit the wyvern skeleton.
The wyvern skeleton is severely damaged.
The wyvern skeleton bites you!
You die...

#.##. ...##.... .#
....##......## ...##
....#........ .....
...##.....#...# ###(.
#.............#######
#...#.. ##...##. #
#.รท.#.###..)..##
.####.###...#..#.......#
.......sZ....#.#..._....
.####.#####.##.#....)..# #
#..##.##.....## ...
..#......##...##.
....#######..###.#.######..
#.........#.........# ##...#
#.........#........####<....
#.........#......>......###.
#..................########.


You could see a wyvern skeleton.

Vanquished Creatures
  Terence (D:3)
  Natasha (thrice) (D:2)
  2 adders
  A worm (D:2)
  A dart slug (D:1)
  A leopard gecko (D:2)
  2 orcs (D:3)
  2 giant cockroaches (D:2)
  4 goblins
  3 hobgoblins (D:1)
  4 jackals (D:2)
  6 bats
  3 frilled lizards (D:1)
  4 kobolds
  4 rats
41 creatures vanquished.

Notes
Turn   | Place    | Note
-------+----------+-------------------------------------------
     0 | D:1      | BlueFish the Octopode Transmuter began the quest for the
                  | Orb.
     0 | D:1      | Reached XP level 1. HP: 13/13 MP: 3/3
   106 | D:1      | Reached XP level 2. HP: 16/18 MP: 3/5
   113 | D:1      | Learned a level 2 spell: Sticks to Snakes
   705 | D:2      | Noticed Natasha
   719 | D:2      | Killed Natasha
   719 | D:2      | Reached XP level 3. HP: 23/23 MP: 4/6
   736 | D:2      | Learned a level 3 spell: Spider Form
   867 | D:2      | Noticed Natasha
   875 | D:2      | Killed Natasha
   875 | D:2      | Reached XP level 4. HP: 29/29 MP: 3/7
   881 | D:2      | Noticed Natasha
   890 | D:2      | Killed Natasha
   890 | D:2      | Reached skill level 1 in Stealth
   890 | D:2      | Reached skill level 1 in Poison Magic
  1239 | D:2      | Reached XP level 5. HP: 34/34 MP: 6/8
  1784 | D:3      | Found an ornate altar of the Wu Jian Council.
  1785 | D:3      | Noticed Terence
  1797 | D:3      | Killed Terence
  1923 | D:3      | Slain by a wyvern skeleton

Levels and vault maps discovered:
D:1:      lordsloth_arrival_two_stooges, layout_basic
D:2:      layout_loops_cross, first_ration, hangedman_abyss_or_decor_stabs,
          uniq_natasha
D:3:      layout_rooms, lemuel_doored_altar, lemuel_round_altar,
          trog_hazing_becter, uniq_terence

Skill      XL: |  1  2  3  4  5 |
---------------+----------------+-----
Stealth        | 1 |  1.1
Poison Magic   | 1 |  1.7
Fighting       | 2 |  2.1
Dodging        | |  2.5
Unarmed Combat | |  3.9
Spellcasting   | |  2.7
Transmutations | |  2.6

Action                   |  1- 3 |  4- 6 || total
-------------------------+-------+-------++-------
Melee: Unarmed           |    64 |    53 ||   117
       Constrict         |    14 |     6 ||    20
       Tentacles         |    10 |     5 ||    15
       Kick              |     6 |     6 ||    12
       Punch             |       |     1 ||     1
 Cast: Beastly Appendage |    12 |     5 ||    17
       Spider Form       |     1 |     5 ||     6
  Use: Scroll            |     4 |       ||     4
       Potion            |     1 |       ||     1
 Stab: Sleeping          |     2 |     1 ||     3
  Eat: Chunk             |       |     4 ||     4
Armor: Skin              |     3 |     5 ||     8
Dodge: Dodged            |    39 |    37 ||    76

Table legend:
 A = Non-vault XP
 B = Vault XP
 C = Vault XP percentage of total XP
 D = Non-vault monster count
 E = Vault monster count
 F = Vault count percentage of total count
                 A         B        C        D         E       F
            +---------+---------+-------+---------+---------+-------
      Total |     161 |      71 |  30.6 |      39 |       2 |   4.9
            +---------+---------+-------+---------+---------+-------
        D:1 |      25 |       0 |   0.0 |      16 |       0 |   0.0
        D:2 |     113 |      35 |  23.6 |      18 |       1 |   5.3
        D:3 |      23 |      36 |  61.0 |       5 |       1 |  16.7
            +---------+---------+-------+---------+---------+-------
